[Event "Titled Tuesday Blitz February 14 Late 2023"]
[White "Urazayev, Arystanbek"]
[Black "Deac, Bogdan-Daniel"]
[WhiteFideId "13709810"]
[BlackFideId "1226380"]
[WhiteElo "2460"]
[BlackElo "2700"]
[Result "0-1"]
[Round "10"]
[TimeControl "180+2"]
[Date "2023.02.14"]
[WhiteClock "0:00:06"]
[BlackClock "0:00:10"]

1. e4 c6 2. d4 d5 3. exd5 cxd5 4. c4 Nf6 5. Nc3 e6 6. Nf3 Bb4 7. cxd5 Nxd5 8. Bd2 Bd7 9. Nxd5 Bxd2+ 10. Qxd2 exd5 11. Bd3 Qe7+ 12. Qe3 Nc6 13. Qxe7+ Kxe7 14. Kd2 Kd6 15. Rhe1 f6 16. h3 g5 17. Bb5 Rae8 18. Bxc6 Bxc6 19. h4 h6 20. g3 Re4 21. hxg5 hxg5 22. Kc3 Rhe8 23. Rxe4 dxe4 24. Nd2 b5 25. g4 e3 26. fxe3 Rxe3+ 27. Kc2 Rg3 28. Rf1 Ke7 29. Re1+ Kf7 30. Ne4 Rxg4 31. Nd6+ Kg6 32. Kc3 a5 33. a4 Rg3+ 34. Kd2 bxa4 35. Rc1 Bd7 36. d5 Rb3 37. Rc7 Bf5 38. Kc1 Rd3 39. Rc5 g4 40. Nxf5 Kxf5 41. Kc2 Rh3 42. Rc7 Ke5 43. Rf7 a3 44. bxa3 Rxa3 45. d6 Kxd6 46. Rxf6+ Ke5 47. Rg6 Kf4 48. Kd2 Kg3 49. Ke2 a4 50. Kf1 Ra1+ 51. Ke2 a3 52. Ra6 a2 53. Ke3 Re1+ 54. Kd2 a1=Q 0-1


[Site "https://www.chess.com"]

[Event "Titled Tuesday Blitz February 14 Late 2023"]
[White "Makridis, Dimitrios"]
[Black "Yoo, Christopher Woojin"]
[WhiteFideId "25864475"]
[BlackFideId "30909694"]
[WhiteElo "2356"]
[BlackElo "2607"]
[Result "1-0"]
[Round "10"]
[TimeControl "180+2"]
[Date "2023.02.14"]
[WhiteClock "0:00:08"]
[BlackClock "0:00:03"]

1. e4 e5 2. Nf3 Nf6 3. Nxe5 d6 4. Nd3 Nxe4 5. Qe2 Qe7 6. Nf4 c6 7. d4 d5 8. f3 Nd6 9. c3 Nd7 10. Nd2 g6 11. Qxe7+ Bxe7 12. Bd3 O-O 13. Kf2 Nb6 14. b3 Bg5 15. Nf1 Bh4+ 16. g3 Be7 17. h4 Bf5 18. h5 g5 19. Bxf5 Nxf5 20. Nd3 h6 21. Ne3 Nxe3 22. Bxe3 Nd7 23. Rae1 Bd6 24. f4 Nf6 25. fxg5 Ne4+ 26. Kf3 hxg5 27. c4 f5 28. g4 f4 29. Bc1 Rae8 30. Nf2 Ng3 31. Rxe8 Rxe8 32. Rd1 Ne2 33. cxd5 cxd5 34. Kg2 Bb4 35. Bd2 Bxd2 36. Rxd2 Re3 37. Rd3 Rxd3 38. Nxd3 Nxd4 39. Ne5 Nc2 40. Nf3 Ne3+ 41. Kh3 Nd1 42. Nxg5 Nf2+ 43. Kh4 d4 44. Nf3 d3 45. g5 Ne4 46. Kg4 d2 47. Nxd2 Nxd2 48. Kxf4 Nb1 49. Kf5 Nc3 50. a3 Nb5 51. a4 Nd4+ 52. Kf6 Kh7 53. g6+ Kg8 54. h6 Nc6 55. h7+ Kh8 56. b4 a6 57. b5 axb5 58. axb5 Nd8 59. Ke7 Nc6+ 60. bxc6 bxc6 61. Kf7 c5 62. g7+ Kxh7 63. g8=Q+ 1-0


[Site "https://www.chess.com"]

[Event "Titled Tuesday Blitz February 14 Late 2023"]
[White "Sjugirov, Sanan"]
[Black "Mamedov, Rauf"]
[WhiteFideId "4189302"]
[BlackFideId "13401653"]
[WhiteElo "2712"]
[BlackElo "2646"]
[Result "0-1"]
[Round "10"]
[TimeControl "180+2"]
[Date "2023.02.14"]
[WhiteClock "0:00:02"]
[BlackClock "0:00:24"]

1. d4 Nf6 2. c4 g6 3. Nc3 Bg7 4. e4 d6 5. f3 O-O 6. Nge2 a6 7. Be3 b5 8. Qd2 Nbd7 9. Bh6 Nb6 10. Ng3 b4 11. Nd1 c5 12. Bxg7 Kxg7 13. Ne3 cxd4 14. Qxd4 Nd7 15. h4 Qb6 16. Qd2 Ne5 17. h5 Be6 18. Be2 Rh8 19. h6+ Kf8 20. f4 Nc6 21. Nd5 Bxd5 22. cxd5 Nd4 23. Rc1 b3 24. a3 Nc2+ 25. Rxc2 bxc2 26. Qxc2 Qe3 27. Rh3 Qxf4 28. b4 Qe5 29. Kf2 g5 30. Qd3 Rc8 31. Nf5 Nxe4+ 0-1


[Site "https://www.chess.com"]

[Event "Titled Tuesday Blitz February 14 Late 2023"]
[White "Pakleza, Zbigniew"]
[Black "Paravyan, David"]
[WhiteFideId "1119290"]
[BlackFideId "4194985"]
[WhiteElo "2494"]
[BlackElo "2601"]
[Result "0-1"]
[Round "10"]
[TimeControl "180+2"]
[Date "2023.02.14"]
[WhiteClock "0:00:01"]
[BlackClock "0:02:32"]

1. d4 Nf6 2. Nf3 g6 3. Bf4 Bg7 4. e3 O-O 5. Be2 c5 6. c3 cxd4 7. cxd4 d6 8. Nc3 Nc6 9. O-O Bf5 10. h3 Ne4 11. Nxe4 Bxe4 12. Qb3 e5 13. dxe5 dxe5 14. Rfd1 Qb6 15. Bg3 Qxb3 16. axb3 Rfd8 17. Ne1 Bf6 18. Bf3 Bxf3 19. gxf3 Nb4 20. Kf1 a6 21. Ke2 Kg7 22. Rxd8 Rxd8 23. Rd1 Rc8 24. Rd7 b5 25. Rb7 Na2 26. Nd3 Nc1+ 27. Nxc1 Rxc1 28. Kd3 Rb1 29. Kc2 Rh1 30. h4 h5 31. b4 Bxh4 32. Bxe5+ Bf6 33. Bxf6+ Kxf6 34. Rb6+ Kg7 35. Rxa6 h4 36. Rd6 h3 37. Rd4 g5 38. Rg4 h2 39. Rxg5+ Kh6 40. Rg8 Kh7 0-1


[Site "https://www.chess.com"]

[Event "Titled Tuesday Blitz February 14 Late 2023"]
[White "Indjic, Aleksandar"]
[Black "Ozen, Bahadir"]
[WhiteFideId "911925"]
[BlackFideId "6337058"]
[WhiteElo "2618"]
[BlackElo "2369"]
[Result "1-0"]
[Round "10"]
[TimeControl "180+2"]
[Date "2023.02.14"]
[WhiteClock "0:00:09"]
[BlackClock "0:00:01"]

1. e4 e5 2. Nf3 Nc6 3. Bb5 a6 4. Ba4 Nf6 5. O-O Be7 6. Bxc6 dxc6 7. d3 Nd7 8. Nc3 O-O 9. b3 f6 10. Ne2 Nc5 11. h3 a5 12. a4 Rf7 13. Be3 Ne6 14. Nd2 c5 15. f4 exf4 16. Nxf4 Nxf4 17. Bxf4 Be6 18. Kh1 Qd7 19. Bh2 b6 20. Nf3 Raf8 21. Qd2 Bd6 22. Rae1 Bxh2 23. Kxh2 Qd6+ 24. Kh1 Qg3 25. Re3 Qf4 26. Nh2 Qd6 27. g4 c4 28. bxc4 Bxc4 29. Qc3 Be6 30. Kg2 Bd7 31. Ra1 Qc6 32. Qxc6 Bxc6 33. Nf3 Rd8 34. Kf2 Re7 35. c3 Be8 36. Nd4 c5 37. Ne2 Red7 38. d4 cxd4 39. cxd4 Rc7 40. Rb3 Bg6 41. Kf3 Re7 42. Re3 Rde8 43. Nc3 Rd7 44. d5 Rc8 45. Rb1 Rdc7 46. Ne2 Rc4 47. Rxb6 Re8 48. Ng3 Rxa4 49. h4 Rb4 50. Ra6 a4 51. h5 Bf7 52. h6 Bg6 53. Nf5 gxh6 54. Rxf6 Ra8 55. Ra3 Rab8 56. Kf4 Rb1 57. Rxa4 Rf1+ 58. Ke5 Re8+ 59. Re6 Rf8 60. Nxh6+ Kg7 61. Nf5+ Kh8 62. Re7 Rg1 63. Nd6 Rxg4 64. Ke6 Rg5 65. e5 h5 66. Rc7 Rg4 67. Ke7 Rxa4 68. Kxf8 Ra8+ 69. Ke7 h4 70. Rc4 h3 71. Rh4+ Kg7 72. Rxh3 Ra7+ 73. Ke6 Ra8 74. Rg3 Kh6 75. Nf5+ Kh5 76. Ne7 Be4 77. d6 Ra6 78. Kf6 Kh4 79. Rg8 Kh5 80. Nf5 1-0


[Site "https://www.chess.com"]

[Event "Titled Tuesday Blitz February 14 Late 2023"]
[White "Madaminov, Mukhiddin"]
[Black "Goltsev, Dmitry"]
[WhiteFideId "14210703"]
[BlackFideId "24176710"]
[WhiteElo "2422"]
[BlackElo "2269"]
[Result "0-1"]
[Round "10"]
[TimeControl "180+2"]
[Date "2023.02.14"]
[WhiteClock "0:00:03"]
[BlackClock "0:00:04"]

1. d4 Nf6 2. Nc3 e6 3. Bf4 d5 4. Nb5 Na6 5. e3 c6 6. Nc3 Nc7 7. Nf3 Bd6 8. Ne5 O-O 9. Qf3 Bxe5 10. Bxe5 Nd7 11. Bf4 Ne8 12. Bd3 f5 13. Ne2 Nef6 14. Qh3 Ne4 15. f3 Ng5 16. Qg3 Nf7 17. O-O-O a5 18. e4 Nf6 19. exf5 exf5 20. Bc7 Qd7 21. Bb6 Ne4 22. Qe1 Nfd6 23. Ng3 Nf6 24. a4 Nc4 25. Bc5 Re8 26. Qc3 b6 27. Ba3 b5 28. Bc5 b4 29. Qb3 Qf7 30. Rde1 f4 31. Nf5 Bxf5 32. Bxf5 Re3 33. Rxe3 Nxe3 34. Bh3 Qg6 35. Qd3 Qxd3 36. cxd3 Kf7 37. Kd2 g5 38. g3 g4 39. fxg4 Nexg4 40. Rf1 fxg3 41. hxg3 Kg6 42. Rf4 h5 43. Be7 Re8 44. Bxf6 Nxf6 45. Bf5+ Kg5 46. Bh3 Re7 47. b3 Kg6 48. Bf5+ Kg7 49. Bc8 Kg6 50. Bh3 Kg5 51. Rf5+ Kg6 52. Re5 Kf7 53. Ke3 Rc7 54. Kf4 c5 55. Be6+ Kg7 56. Rg5+ Kh8 57. Bxd5 cxd4 58. Bc4 Re7 59. Kf5 Nd7 60. Rxh5+ Kg7 61. Rg5+ Kh6 62. Rg6+ Kh5 63. Re6 Rf7+ 64. Ke4 Nc5+ 65. Kxd4 Nxe6+ 66. Bxe6 Rc7 67. Ke5 Rc3 68. d4 Rxg3 69. d5 Rxb3 70. d6 Re3+ 71. Kd5 Rd3+ 72. Ke5 b3 73. Bd5 b2 74. d7 Rxd5+ 75. Kxd5 b1=Q 76. Kc6 Qe4+ 77. Kc7 Qc4+ 78. Kd6 Qxa4 79. d8=Q Qd4+ 0-1


[Site "https://www.chess.com"]

[Event "Titled Tuesday Blitz February 14 Late 2023"]
[White "Li, Ruifeng"]
[Black "EREBUNI91"]
[WhiteFideId "2061074"]
[WhiteElo "2541"]
[BlackElo "2724"]
[Result "1-0"]
[Round "10"]
[TimeControl "180+2"]
[Date "2023.02.14"]
[WhiteClock "0:00:22"]
[BlackClock "0:01:22"]

1. b3 d6 2. Bb2 c5 3. e3 e5 4. d4 cxd4 5. exd4 e4 6. d5 Nf6 7. c4 Bf5 8. Ne2 Nbd7 9. Nd4 Bg6 10. Be2 Be7 11. Nc3 O-O 12. O-O Re8 13. Kh1 Bf8 14. Qd2 Ne5 15. Nd1 Nfg4 16. Ne3 Nxe3 17. fxe3 Qh4 18. Rf4 Qh6 19. Nf5 Bxf5 20. Rxf5 g6 21. Rf4 Bg7 22. Raf1 f5 23. b4 Rac8 24. c5 dxc5 25. d6 Red8 26. Qd5+ Nf7 27. Bc4 1-0


[Site "https://www.chess.com"]

[Event "Titled Tuesday Blitz February 14 Late 2023"]
[White "Firat, Burak"]
[Black "Pichot, Alan"]
[WhiteFideId "6305881"]
[BlackFideId "110973"]
[WhiteElo "2456"]
[BlackElo "2638"]
[Result "0-1"]
[Round "10"]
[TimeControl "180+2"]
[Date "2023.02.14"]
[WhiteClock "0:00:27"]
[BlackClock "0:00:09"]

1. Nf3 g6 2. c4 Bg7 3. g3 c5 4. Bg2 Nc6 5. Nc3 Nf6 6. d3 O-O 7. O-O d6 8. Bd2 Rb8 9. a3 a6 10. Rb1 b5 11. cxb5 axb5 12. b4 cxb4 13. axb4 Bd7 14. h3 e6 15. e4 Qe7 16. d4 Rfc8 17. d5 Ne5 18. Nxe5 dxe5 19. Re1 exd5 20. exd5 Qd6 21. Ra1 Rc4 22. Qb3 Rxb4 23. Qa3 Qf8 24. Ne4 Rc4 25. Qa7 Nxe4 26. Bxe4 Bxh3 27. Ra6 Rbc8 28. d6 Rd4 29. Bg5 Rxd6 30. Rea1 Rxa6 31. Qxa6 h6 32. Be3 Qe8 33. Kh2 Be6 34. Bb7 Rc4 35. Qb6 Ra4 36. Rd1 Bf6 37. Bc6 Qc8 38. Bxb5 Ra2 39. Bxh6 Rb2 40. Be3 Kg7 41. Qa5 Bg4 42. Rc1 Qh8+ 0-1


[Site "https://www.chess.com"]

[Event "Titled Tuesday Blitz February 14 Late 2023"]
[White "Baskakov, Egor"]
[Black "Klose, Eli"]
[WhiteFideId "24197866"]
[BlackFideId "16242955"]
[WhiteElo "2215"]
[BlackElo "1519"]
[Result "1-0"]
[Round "10"]
[TimeControl "180+2"]
[Date "2023.02.14"]
[WhiteClock "0:00:13"]
[BlackClock "0:00:02"]

1. e4 e6 2. Nc3 d5 3. g3 Nf6 4. Bg2 Be7 5. Nge2 O-O 6. d4 b6 7. exd5 exd5 8. O-O c6 9. h3 h6 10. Re1 Bf5 11. Nf4 Re8 12. Nd3 Nbd7 13. Bf4 Nf8 14. Qd2 Ne6 15. Be5 Nd7 16. Nf4 Nxe5 17. Rxe5 Nxf4 18. Rxf5 Ng6 19. Re1 Bg5 20. Qd1 Rxe1+ 21. Qxe1 Qe8 22. Qd1 Qd7 23. Rf3 Re8 24. h4 Bf6 25. Rd3 Nf8 26. Bf3 Ne6 27. Ne2 Qd6 28. Re3 Nc7 29. Rxe8+ Nxe8 30. c3 Kf8 31. Qa4 a5 32. Kg2 Qc7 33. c4 Qd6 34. cxd5 cxd5 35. Nf4 Nc7 36. a3 g6 37. h5 g5 38. Ne2 Ne6 39. Bg4 Kg7 40. Bf5 b5 41. Qd1 Qb6 42. Bxe6 Qxe6 43. Qd3 Qc6 44. b3 a4 45. bxa4 bxa4 46. Nc3 Be7 47. Nb5 Qc1 48. Qf3 Qc2 49. Qxd5 Qd3 50. Nd6 Bxd6 51. Qxd6 Qe4+ 52. Kg1 Qb1+ 53. Kh2 Qd1 54. Qe5+ Kg8 55. Kg2 Qd3 56. Qe8+ Kg7 57. Qxa4 Qe4+ 58. Kh2 g4 59. Qd1 Qf5 60. Kg1 Qxh5 61. d5 1-0


[Site "https://www.chess.com"]

[Event "Titled Tuesday Blitz February 14 Late 2023"]
[White "Naroditsky, Daniel"]
[Black "Jaracz, Pawel"]
[WhiteFideId "2026961"]
[BlackFideId "1102222"]
[WhiteElo "2618"]
[BlackElo "2467"]
[Result "1-0"]
[Round "10"]
[TimeControl "180+2"]
[Date "2023.02.14"]
[WhiteClock "0:00:21"]
[BlackClock "0:00:10"]

1. e4 c6 2. d4 d5 3. f3 e6 4. Nc3 Bb4 5. a3 Ba5 6. Bd3 Ne7 7. Ne2 Nd7 8. O-O O-O 9. Kh1 c5 10. exd5 exd5 11. dxc5 Nxc5 12. Bg5 f6 13. Be3 Nxd3 14. Qxd3 Bf5 15. Qd2 Be6 16. Rad1 Bf7 17. b4 Bc7 18. Bc5 Re8 19. Nb5 Bb8 20. Bf2 Nc6 21. Bg3 Ne5 22. Bxe5 fxe5 23. Nbc3 e4 24. fxe4 Qc7 25. Ng3 dxe4 26. Ncxe4 Rxe4 27. Rxf7 Kxf7 28. Qd5+ Re6 29. Rf1+ Ke7 30. Nf5+ Kf6 31. Nd4+ 1-0


[Site "https://www.chess.com"]

[Event "Titled Tuesday Blitz February 14 Late 2023"]
[White "Chigaev, Maksim"]
[Black "Salimova, Nurgyul"]
[WhiteFideId "4108116"]
[BlackFideId "2915138"]
[WhiteElo "2628"]
[BlackElo "2391"]
[Result "1-0"]
[Round "10"]
[TimeControl "180+2"]
[Date "2023.02.14"]
[WhiteClock "0:00:48"]
[BlackClock "0:00:05"]

1. Nf3 d5 2. c4 c6 3. g3 Nf6 4. Bg2 g6 5. O-O Bg7 6. d4 O-O 7. Nc3 dxc4 8. e4 b5 9. Qe2 a5 10. Rd1 a4 11. a3 Bg4 12. h3 Bxf3 13. Bxf3 e6 14. h4 Nbd7 15. e5 Nd5 16. h5 Qe7 17. h6 Bh8 18. Kg2 f6 19. exf6 Bxf6 20. Bg4 Rae8 21. f4 Nxc3 22. bxc3 Nb6 23. Bd2 Nd5 24. Re1 Nc7 25. Qe4 Qd6 26. Bf3 Nd5 27. Re2 c5 28. dxc5 Qxc5 29. Bg4 Nxc3 30. Bxc3 Bxc3 31. Rd1 Bf6 32. Rd7 c3 33. Qb7 Re7 34. Rxe6 Rxd7 35. Qxd7 Qd4 36. Qc6 b4 37. Re8 Qd2+ 38. Kh3 1-0


[Site "https://www.chess.com"]

[Event "Titled Tuesday Blitz February 14 Late 2023"]
[White "Vlassov, Nikolai"]
[Black "Gharibyan, Mamikon"]
[WhiteFideId "4103360"]
[BlackFideId "13308300"]
[WhiteElo "2283"]
[BlackElo "2500"]
[Result "1/2-1/2"]
[Round "10"]
[TimeControl "180+2"]
[Date "2023.02.14"]
[WhiteClock "0:00:13"]
[BlackClock "0:00:02"]

1. e4 e5 2. Bc4 Nf6 3. d3 c6 4. Nf3 d5 5. Bb3 Bb4+ 6. c3 Bd6 7. Bg5 Be6 8. d4 Nbd7 9. exd5 cxd5 10. dxe5 Nxe5 11. Nxe5 Bxe5 12. Nd2 h6 13. Bh4 O-O 14. O-O Qd6 15. Nf3 Ne4 16. Nxe5 Qxe5 17. Re1 Qf4 18. Bg3 Qg5 19. Qd4 Rfe8 20. Rad1 a5 21. Bxd5 Bxd5 22. Qxd5 Qxd5 23. Rxd5 Nxc3 24. Rde5 Rxe5 25. Rxe5 Nxa2 26. Rb5 a4 27. Rxb7 a3 28. bxa3 Rxa3 29. h3 Nc3 30. Kh2 Ne4 31. Re7 Nd2 32. Re1 Kh7 33. Bf4 Nc4 34. g4 g5 35. Bg3 Rf3 36. Kg2 Rf6 37. Re7 Kg6 38. h4 gxh4 39. Bxh4 Re6 40. Rc7 Ne5 41. Kg3 h5 42. f4 Nxg4 43. f5+ Kxf5 44. Rxf7+ Kg6 45. Rf8 Nh6 46. Bd8 Nf5+ 47. Kf4 Nh6 48. Bg5 Nf7 49. Bh4 Rc6 50. Rg8+ Kh7 51. Rg2 Rc4+ 52. Kg3 Rg4+ 53. Kh3 Re4 54. Bf6 Rg4 55. Rxg4 hxg4+ 56. Kxg4 1/2-1/2


[Site "https://www.chess.com"]

[Event "Titled Tuesday Blitz February 14 Late 2023"]
[White "Gubajdullin, Alexei"]
[Black "Ibarra Jerez, Jose Carlos"]
[WhiteFideId "4141202"]
[BlackFideId "2226332"]
[WhiteElo "2285"]
[BlackElo "2563"]
[Result "0-1"]
[Round "10"]
[TimeControl "180+2"]
[Date "2023.02.14"]
[WhiteClock "0:00:38"]
[BlackClock "0:00:19"]

1. d4 Nf6 2. Nf3 g6 3. Bf4 d6 4. e3 Bg7 5. Be2 O-O 6. O-O c5 7. c3 Be6 8. Nbd2 Qb6 9. Qc2 Nc6 10. Nc4 Bxc4 11. Bxc4 Rac8 12. Qe2 Rfe8 13. d5 Na5 14. Bb5 Red8 15. e4 Nxe4 16. Qxe4 Qxb5 17. a4 Qc4 18. Rfe1 Bf6 19. Bg5 Qxe4 20. Rxe4 Nb3 21. Rae1 c4 22. Bxf6 exf6 23. Re7 Nc5 24. Nd4 Kf8 25. a5 a6 26. Nc2 Nd3 27. R1e2 Re8 28. Rxe8+ Rxe8 29. Ne3 f5 30. g3 f4 31. gxf4 Nxf4 32. Rd2 Re4 33. Kf1 Ke7 34. Rd1 f5 35. Ra1 Nd3 36. Ra4 Rh4 37. Rxc4 Rxh2 38. Rc7+ Kf6 39. Nd1 Nf4 40. Ke1 h5 41. Rxb7 Rh1+ 42. Kd2 h4 43. b4 h3 44. b5 Rxd1+ 45. Kxd1 h2 46. Rh7 Nh5 47. bxa6 h1=Q+ 48. Kc2 Qe4+ 49. Kb2 Qxd5 50. a7 Qb5+ 51. Kc2 Qxa5 52. Kd3 Nf4+ 53. Kc4 Ne6 54. Kb3 Nc5+ 55. Kb2 Na4+ 56. Kb3 Nc5+ 57. Kc4 Ne4 58. Rb7 d5+ 59. Kd4 Qxc3+ 60. Kxd5 Qc5# 0-1


[Site "https://www.chess.com"]

[Event "Titled Tuesday Blitz February 14 Late 2023"]
[White "Al-Tarboush, Ward"]
[Black "Samsonkin, Artiom"]
[WhiteFideId "7601450"]
[BlackFideId "13503111"]
[WhiteElo "2256"]
[BlackElo "2420"]
[Result "1/2-1/2"]
[Round "10"]
[TimeControl "180+2"]
[Date "2023.02.14"]
[WhiteClock "0:00:06"]
[BlackClock "0:00:08"]

1. e4 d5 2. exd5 Qxd5 3. Nc3 Qa5 4. d4 Nf6 5. Nf3 Bg4 6. h3 Bh5 7. g4 Bg6 8. Ne5 e6 9. Bg2 c6 10. h4 Be4 11. Bxe4 Nxe4 12. Qf3 Nd6 13. Bd2 Qc7 14. O-O-O Nd7 15. Bf4 Nb6 16. Rhe1 O-O-O 17. Bg3 f6 18. Nd3 Qf7 19. Nc5 Re8 20. a4 h5 21. a5 Nd5 22. a6 b6 23. Nxd5 exd5 24. Rxe8+ Qxe8 25. Nb7 Qe4 26. Qc3 Nc4 27. Re1 Qxg4 28. Re8+ Kd7 29. Rd8+ Ke6 30. Qe1+ Kf7 31. b3 Ba3+ 32. Kb1 Rxd8 33. Nxd8+ Kg6 34. bxc4 Qxd4 35. Qe8+ Kh6 36. Nf7+ Kh7 37. Qh8+ Kg6 38. Ne5+ fxe5 39. Qe8+ Kh6 40. Qe6+ Kh7 41. Qf5+ Kg8 42. Qe6+ Kf8 43. Qf5+ Ke7 44. Qxe5+ Qxe5 45. Bxe5 dxc4 46. Bb8 Bc5 47. Bxa7 Kd7 48. Bb8 Kc8 49. Be5 b5 50. f4 g6 51. Kc1 Bf2 52. Kd2 Bxh4 53. Ke2 Bd8 54. Kf3 Bb6 55. Bd6 c5 56. Ke4 b4 57. Kd5 b3 58. cxb3 cxb3 59. Be5 h4 60. f5 gxf5 61. Kc4 Bc7 62. a7 Kb7 63. Bxc7 Kxa7 64. Kxb3 Kb7 65. Be5 Kc6 66. Kc4 Kb6 67. Bf4 Kc6 68. Be5 Kd7 69. Kxc5 Ke6 70. Bf4 Kf6 71. Kd5 Kg6 72. Ke5 Kh5 73. Kxf5 h3 74. Bg3 h2 75. Bxh2 1/2-1/2


[Site "https://www.chess.com"]

[Event "Titled Tuesday Blitz February 14 Late 2023"]
[White "Avinash, Ramesh"]
[Black "Fiorito, Francisco"]
[WhiteFideId "45018340"]
[BlackFideId "180165"]
[WhiteElo "2319"]
[BlackElo "2305"]
[Result "1/2-1/2"]
[Round "10"]
[TimeControl "180+2"]
[Date "2023.02.14"]
[WhiteClock "0:00:36"]
[BlackClock "0:00:38"]

1. e4 c5 2. Nc3 Nc6 3. Bb5 Nd4 4. Nf3 g6 5. O-O Bg7 6. Bc4 a6 7. Nxd4 cxd4 8. Ne2 d6 9. c3 Nf6 10. d3 dxc3 11. bxc3 O-O 12. Bb3 b5 13. a4 Bb7 14. axb5 axb5 15. Be3 Nd7 16. Bd4 Nc5 17. Bxg7 Kxg7 18. Bc2 Qb6 19. Nd4 e5 20. Nb3 Na4 21. c4 Rfc8 22. cxb5 Nc3 23. Qd2 Nxb5 24. Rxa8 Bxa8 25. Rc1 Nd4 26. Nxd4 Qxd4 27. Bb1 Rxc1+ 28. Qxc1 Bb7 29. Bc2 Ba6 30. Qd2 Qa1+ 31. Bd1 Bb5 32. Kf1 h5 33. Ke2 Qd4 34. Qe3 Qb4 35. f3 h4 36. Qd2 Qa3 37. Qc2 Ba6 38. Qb3 Qc1 39. Qc2 Qa1 40. Qd2 Qd4 41. Qe3 Qb4 42. Kf2 Qb2+ 43. Be2 Bc8 44. g3 hxg3+ 45. hxg3 Ba6 46. f4 Qa1 47. Kg2 Qe1 48. Qf2 Qd2 49. Bf1 Qc3 50. Be2 exf4 51. gxf4 d5 52. Qf3 dxe4 53. Qxe4 Qc8 54. Kf2 Bb7 55. Qe5+ Kg8 56. Qe3 Qc6 57. Bf3 Qc2+ 58. Kg3 Ba6 59. Be4 Qc7 60. Qd4 Bc8 61. Qf6 Qd7 62. f5 gxf5 63. Qg5+ Kf8 64. Qh6+ Ke7 65. Qg5+ Kd6 66. Qf6+ Kc7 67. Qe5+ Qd6 68. Qxd6+ Kxd6 69. Bf3 Ke5 70. d4+ Kxd4 71. Kf4 Kc5 72. Bh5 f6 73. Bd1 Kd6 74. Bh5 Be6 75. Bd1 Kd5 76. Bb3+ Kd6 77. Bc2 Bd7 78. Bxf5 Bxf5 79. Kxf5 Ke7 80. Kf4 Kf7 81. Kf5 Kg7 82. Kf4 Kh7 83. Kf5 Kg7 84. Kf4 Kf8 85. Kf5 Kf7 86. Kf4 Ke6 87. Ke4 Kd6 88. Kf5 Ke7 89. Kf4 Ke6 90. Ke4 f5+ 91. Kf4 Kf6 92. Kf3 Kg7 93. Kf4 Kg6 94. Kf3 Kf6 95. Kf4 Ke6 96. Kf3 Kd6 97. Kf4 Ke6 98. Kf3 Ke5 99. Ke3 f4+ 100. Kf3 Kf5 101. Kf2 Kf6 102. Kf3 Kg5 103. Kf2 Kh4 104. Kf3 Kg5 105. Kf2 Kg4 106. Kg2 Kg5 107. Kf3 Kf5 108. Kf2 Ke4 109. Ke2 f3+ 110. Kf2 Kf4 111. Kf1 Kf5 112. Kf2 Kg4 113. Kf1 Kh3 114. Kf2 Kg4 115. Kf1 Kf4 116. Kf2 Ke4 117. Kf1 Ke3 118. Ke1 Kf4 119. Kf2 Kg4 1/2-1/2


[Site "https://www.chess.com"]

[Event "Titled Tuesday Blitz February 14 Late 2023"]
[White "benny_aizenberg"]
[Black "Mekhitarian, Krikor Sevag"]
[BlackFideId "2107660"]
[WhiteElo "2558"]
[BlackElo "2537"]
[Result "1/2-1/2"]
[Round "10"]
[TimeControl "180+2"]
[Date "2023.02.14"]
[WhiteClock "0:00:28"]
[BlackClock "0:00:36"]

1. e4 c5 2. Nf3 d6 3. c3 Nf6 4. Bd3 Nc6 5. h3 e5 6. Bc2 g6 7. d4 cxd4 8. cxd4 exd4 9. Nxd4 Bg7 10. O-O O-O 11. Nxc6 bxc6 12. Nc3 Re8 13. Bf4 d5 14. exd5 Nxd5 15. Nxd5 cxd5 16. Rb1 Be6 17. b4 d4 18. Bb3 Bf5 19. Rc1 Rc8 20. Rxc8 Qxc8 21. Qd2 Qa6 22. Rc1 Re2 23. Qd1 d3 24. Rc7 Be6 25. Bxe6 fxe6 26. Rd7 Rxa2 27. Qxd3 Qxd3 28. Rxd3 Bf8 29. b5 Bc5 30. Be3 Bxe3 31. Rxe3 Kf7 32. Rb3 Kf6 33. b6 axb6 34. Rxb6 g5 35. g3 h5 36. Kg2 Ra3 37. Rb5 Rd3 38. f4 gxf4 39. gxf4 h4 40. Rh5 Rg3+ 41. Kh2 Rf3 42. Rxh4 Kf5 43. Kg2 Rxf4 44. Rxf4+ Kxf4 45. Kf2 Kg5 46. Kf3 Kh4 47. Kf4 Kxh3 48. Ke5 Kg4 49. Kxe6 1/2-1/2


[Site "https://www.chess.com"]

[Event "Titled Tuesday Blitz February 14 Late 2023"]
[White "Bernadskiy, Vitaliy"]
[Black "Remolar Gallen, Jose"]
[WhiteFideId "14100371"]
[BlackFideId "2215187"]
[WhiteElo "2592"]
[BlackElo "2285"]
[Result "1-0"]
[Round "10"]
[TimeControl "180+2"]
[Date "2023.02.14"]
[WhiteClock "0:01:45"]
[BlackClock "0:00:02"]

1. Nc3 d5 2. d4 Nf6 3. Bf4 Bf5 4. e3 e6 5. Nf3 Bb4 6. Bd3 Bg6 7. O-O O-O 8. Ne5 c5 9. dxc5 Bxc5 10. Nxg6 hxg6 11. e4 d4 12. Ne2 Nc6 13. Bg5 Qb6 14. Kh1 Nd7 15. f4 f6 16. Bh4 Kf7 17. Bc4 Na5 18. Bd3 Rh8 19. Bg3 Be7 20. a3 Rac8 21. b3 Rh5 22. Bf2 Rch8 23. Bg1 Nc6 24. c3 Qa5 25. f5 dxc3 26. fxe6+ Kf8 27. Nf4 Rxh2+ 28. Bxh2 Nde5 29. Be2 g5 30. Nd5 Bd6 31. Nxf6 Nd3 32. Ng4+ Ke7 33. Qxd3 Ne5 34. Nxe5 Qxe5 35. Rf7+ Ke8 36. Qb5+ Qxb5 37. Bxb5+ Kd8 38. Rd7+ Kc8 39. Rxd6 1-0


[Site "https://www.chess.com"]

[Event "Titled Tuesday Blitz February 14 Late 2023"]
[White "Golubka, Petro"]
[Black "Jimenez Garcia, Emmanuel"]
[WhiteFideId "14114224"]
[BlackFideId "6504779"]
[WhiteElo "2371"]
[BlackElo "2410"]
[Result "0-1"]
[Round "10"]
[TimeControl "180+2"]
[Date "2023.02.14"]
[WhiteClock "0:00:09"]
[BlackClock "0:00:03"]

1. e4 d6 2. d4 Nf6 3. f3 e5 4. Ne2 Be7 5. Be3 Nbd7 6. g4 d5 7. g5 Nh5 8. h4 dxe4 9. fxe4 Nb6 10. Nd2 Bg4 11. d5 O-O 12. Rg1 f5 13. exf5 Bxf5 14. c4 Bb4 15. Ng3 Nxg3 16. Rxg3 c6 17. a3 Bxd2+ 18. Qxd2 cxd5 19. cxd5 Rc8 20. Rc1 Rxc1+ 21. Qxc1 Nxd5 22. Bc4 Be6 23. Qd2 Kh8 24. Bxa7 e4 25. Bd4 Qd6 26. Rg2 Qf4 27. Rf2 Qxh4 28. Kd1 Rd8 29. Kc1 e3 30. Bxe3 Qxc4+ 31. Kb1 Nc3+ 32. Qxc3 Qa2+ 33. Kc2 Bb3+ 34. Qxb3 Rc8+ 35. Bc5 Rxc5+ 36. Kd2 Rd5+ 37. Kc3 Rd3+ 38. Kxd3 Qxb3+ 39. Kd4 Kg8 40. Rf3 Qb6+ 41. Kc4 Qc6+ 42. Kd4 Qxf3 0-1


[Site "https://www.chess.com"]

[Event "Titled Tuesday Blitz February 14 Late 2023"]
[White "Gutenev, Alexander"]
[Black "Jovic, Stanoje"]
[WhiteFideId "4195540"]
[BlackFideId "905020"]
[WhiteElo "2455"]
[BlackElo "2075"]
[Result "1-0"]
[Round "10"]
[TimeControl "180+2"]
[Date "2023.02.14"]
[WhiteClock "0:00:37"]
[BlackClock "0:00:01"]

1. Nf3 Nf6 2. Nc3 d5 3. d4 e6 4. Bf4 Bd6 5. e3 O-O 6. Bd3 b6 7. O-O Ba6 8. Bxa6 Nxa6 9. Qe2 Nb8 10. Nb5 Bxf4 11. exf4 Ne4 12. Ne5 c6 13. Na3 f6 14. Nd3 Qe7 15. f3 Nd6 16. Rfe1 Kf7 17. c3 Nd7 18. Nc2 a5 19. Ne3 a4 20. Qf2 Kg8 21. f5 e5 22. Ng4 e4 23. fxe4 Nxe4 24. Qf3 Qd6 25. Ndf2 Ng5 26. Qd3 Rfe8 27. h4 Nf7 28. g3 c5 29. Kg2 c4 30. Qf3 a3 31. Rxe8+ Rxe8 32. bxa3 Qxa3 33. Qxd5 Nf8 34. Qxc4 Qb2 35. Rf1 Re2 36. h5 Qxa2 37. Qxa2 Rxa2 38. Rb1 Nd7 39. Kf1 Nd6 40. Ne3 b5 41. g4 Nb6 42. Ke1 Na4 43. Nfd1 Rh2 44. Ra1 Nb2 45. Nxb2 Rxb2 46. Ra8+ Kf7 47. Ra7+ Kf8 48. Rd7 Ne4 49. Nd5 Rg2 50. Rd8+ Kf7 51. Rd7+ Kf8 52. Nc7 Nxc3 53. Ne6+ Ke8 54. Rxg7 b4 55. Rb7 Nd5 56. Rb5 Ne3 57. h6 Nxg4 58. Rxb4 Nxh6 59. Rb8+ Ke7 60. Rb7+ Kd6 61. Nf4 Rg4 62. Rb6+ Kc7 63. Nd5+ Kc8 64. Rxf6 Rxd4 65. Nb6+ Kb7 66. Rxh6 Rf4 67. Rf6 h5 68. Nd5 Rf3 69. Ke2 Ra3 70. Ne3 h4 71. Rh6 Ra4 72. Kf3 Kc7 73. Nd5+ Kd7 74. Nf4 Ke7 75. Rxh4 Kf7 76. Kg4 Ra1 77. Rh7+ Kg8 78. Rh3 Kf7 79. Rg3 Kf6 80. Nh5+ Kf7 81. Kg5 Ra5 82. Rb3 Ra7 83. Rb6 Rc7 84. Rh6 Rc1 85. Rh7+ Kg8 86. Rb7 Rg1+ 87. Kf6 1-0


[Site "https://www.chess.com"]